 Dungeon Sprint DCSS version 0.28-a0-312-gbced6e68ee (webtiles) character file.

Game seed: 571833191153779803

438 Ankalagon the Quickloader (level 7, 0/60 HPs)
             Began as a Formicid Hunter on Aug 30, 2021.
             Was an Initiate of Okawaru.
             Slain by Sonja (1 damage)
             ... in the Dungeon (Sprint I: "Red Sonja").
             The game lasted 00:01:47 (616 turns).

Ankalagon the Quickloader (Formicid Hunter)          Turns: 616, Time: 00:01:48

Health: 0/60       AC:  3    Str: 17    XL:     7   Next: 22%
Magic:  7/7        EV: 14    Int: 10    God:    Okawaru [......]
Gold:   297        SH:  0    Dex: 13    Spells: 6/6 levels left

rFire   . . .      SeeInvis +   a - +1 hand crossbow
rCold   . . .      Faith    .   (no shield)
rNeg    . . .      Spirit   .   c - +0 leather armour
rPois   .          Reflect  .   (helmet unavailable)
rElec   .          Harm     .   (no cloak)
rCorr   .          Rampage  .   (no gloves)
Will    .....                   (no boots)
Stlth   +.........              (no amulet)
HPRegen 0.20/turn               (no ring)
MPRegen 0.10/turn               (no ring)

@: lethally poisoned (0 -> -4)
A: permanent stasis, dig shafts and tunnels, antennae 3, four strong arms
a: Dig, Renounce Religion


You were in the Dungeon.
You worshipped Okawaru.
Okawaru was noncommittal.
You visited 1 branch You collected 297 gold pieces.

Inventory:

Hand Weapons
 a - a +1 hand crossbow (weapon)
 b - a +0 short sword
 h - a +0 spectral club
Missiles
 d - 9 bolts (quivered ammo)
Armour
 c - a +0 leather armour (worn)
Scrolls
 f - a scroll of identify {unknown}
Potions
 g - 2 potions of magic


   Skills:
 + Level 7.4 Fighting
 - Level 10.0 Crossbows
 + Level 7.0 Armour
 + Level 6.1 Dodging
 - Level 1.2 Stealth


You had 6 spell levels left.
You didn't know any spells.
Your spell library was empty.

Dungeon Overview and Level Annotations

Branches:
Dungeon (1/1)

Altars:
Cheibriados
Dithmenos
Elyvilon
Fedhas
Gozag
Hepliaklqana
Kikubaaqudgha
Nemelex Xobeh
Okawaru
Qazlal
Ru
Sif Muna
Trog
Uskayaw
Vehumet
Wu Jian
Yredelemnul
Zin
The Shining One

Shops:
D [

Annotations:
D Sonja


Innate Abilities, Weirdness & Mutations

You cannot be hasted, slowed, berserked, paralysed or teleported.
You can dig through walls and to a lower floor.
You have a pair of large antennae on your head. (SInv)
Your four strong arms can wield two-handed weapons with a shield.


Message History

Sonja hits you with a +1 short sword of distortion.
Space bends around you.
Unknown command.
Unknown command.
Unknown command.
Fire: 12 bolts
Press: ? - help, Q - select action, (/) - cycle Shift-Dir - straight line, f/p - Sonja
Aim: Sonja, wielding a +1 short sword of distortion, quivering curare-tipped darts and carrying a wand of digging (5) (moderately wounded, 32% to hit)
You shoot a bolt. The bolt completely misses Sonja.
You feel sick.
Sonja casts a spell.
Sonja blinks!
Sonja casts a spell.
Sonja blinks!
Unknown command.
Fire: 11 bolts
Press: ? - help, Q - select action, (/) - cycle Shift-Dir - straight line, f/p - Sonja
Aim: Sonja, wielding a +1 short sword of distortion, quivering curare-tipped darts and carrying a wand of digging (5) (moderately wounded, 32% to hit)
You shoot a bolt. The bolt barely misses Sonja.
You feel sick.
Sonja says, "I'm academy-trained, you know."
Sonja hits you with a +1 short sword of distortion!
* * * LOW HITPOINT WARNING * * *
Space bends around you.
* * * LOW HITPOINT WARNING * * *
Sonja hits you with a +1 short sword of distortion.
* * * LOW HITPOINT WARNING * * *
Sonja hits you with a +1 short sword of distortion.
* * * LOW HITPOINT WARNING * * *
Unknown command.
Okay, then.
Unknown command.
Fire: 10 bolts
Press: ? - help, Q - select action, (/) - cycle Shift-Dir - straight line, f/p - Sonja
Aim: Sonja, wielding a +1 short sword of distortion, quivering curare-tipped darts and carrying a wand of digging (5) (moderately wounded, 32% to hit)
You shoot a bolt. The bolt completely misses Sonja.
* * * LOW HITPOINT WARNING * * *
You feel sick.
Sonja hits you with a +1 short sword of distortion.
You die...

################
#<.#.)'..#..'..#
#..[..#..').#..+
{
#..#####'#####'#
#..####..#...#[#
#..#__####..##.#
{
#..#_____##'#_.+
#⌠⌠#_.∩...†K.._#
{
####_..__##_@#+#
#_____###§#
####### #(# $($
{ $($ { ##.## {
#+# {{


You could see Sonja.

Vanquished Creatures
  Sigmund (D)
  A yak (D)
  An ogre (D)
  A jelly (D)
  Ijyb (D)
5 creatures vanquished.

Vanquished Creatures (others)
  A gargoyle (D)
1 creature vanquished.

Grand Total: 6 creatures vanquished

Notes
Turn   | Place    | Note
-------+----------+-------------------------------------------
     0 | D        | Ankalagon the Formicid Hunter began the quest for the Orb.
     0 | D        | Reached XP level 1. HP: 16/16 MP: 1/1
     1 | D        | Noticed Ijyb
    10 | D        | Killed Ijyb
    11 | D        | Reached skill level 7 in Crossbows
    11 | D        | Reached XP level 2. HP: 3/22 MP: 2/2
    11 | D        | Reached XP level 3. HP: 4/27 MP: 3/3
   242 | D        | Noticed an ogre
   247 | D        | Killed an ogre
   248 | D        | Reached skill level 10 in Crossbows
   248 | D        | Reached XP level 4. HP: 31/33 MP: 4/4
   248 | D        | Reached XP level 5. HP: 36/38 MP: 5/5
   262 | D        | Noticed Sigmund
   269 | D        | Killed Sigmund
   270 | D        | Reached skill level 5 in Fighting
   270 | D        | Reached skill level 5 in Armour
   270 | D        | Reached XP level 6. HP: 37/52 MP: 6/6
   368 | D        | Found a shimmering blue altar of Sif Muna.
   369 | D        | Found an ornate altar of the Wu Jian Council.
   372 | D        | Reached skill level 5 in Dodging
   372 | D        | Found a radiant altar of Vehumet.
   393 | D        | Found Vais Fiq's Armour Emporium.
   393 | D        | Found an ancient bone altar of Kikubaaqudgha.
   393 | D        | Found a hazy altar of Hepliaklqana.
   393 | D        | Found a hide-covered altar of Uskayaw.
   393 | D        | Found a basalt altar of Yredelemnul.
   393 | D        | Found an opulent altar of Gozag.
   393 | D        | Found a snail-covered altar of Cheibriados.
   393 | D        | Found a sacrificial altar of Ru.
   393 | D        | Found a shadowy altar of Dithmenos.
   393 | D        | Noticed a yak
   408 | D        | Killed a yak
   409 | D        | Reached XP level 7. HP: 20/60 MP: 7/7
   409 | D        | Found a stormy altar of Qazlal.
   409 | D        | Found a blossoming altar of Fedhas.
   409 | D        | Found a bloodstained altar of Trog.
   409 | D        | Found an iron altar of Okawaru.
   409 | D        | Found a glowing golden altar of the Shining One.
   409 | D        | Found a glowing silver altar of Zin.
   409 | D        | Found a white marble altar of Elyvilon.
   411 | D        | Found a sparkling altar of Nemelex Xobeh.
   417 | D        | Became a worshipper of Warmaster Okawaru
   543 | D        | Killed a gargoyle
   609 | D        | Noticed Sonja
   615 | D        | HP: 2/60 [Sonja (5)]
   616 | D        | Slain by Sonja

Illustrated notes

Levels and vault maps discovered:
D:        dungeon_sprint_1 [red_sonja_temple_1, red_sonja_temple_small_1]

Skill      XL: |  1  2  3  4  5  6 |
---------------+-------------------+-----
Crossbows      | 7 10 | 10.0
Fighting       | 5 7 |  7.4
Armour         | 5 7 |  7.0
Dodging        | 4 6 |  6.1
Stealth        | |  1.2

Action                   |  1- 3 |  4- 6 |  7- 9 || total
-------------------------+-------+-------+-------++-------
 Fire: Hand crossbow     |    14 |    22 |     7 ||    43
  Use: Potion            |       |     2 |       ||     2
Armor: Leather armour    |       |     3 |       ||     3
Dodge: Dodged            |     7 |     5 |     1 ||    13

Table legend: (Time is in decaauts)
 A = Elapsed time spent in this place.
 B = Non-inter-level travel time spent in this place.
 C = Inter-level travel time spent in this place.
 D = Time resting spent in this place.
 E = Time spent auto-exploring this place.
 F = Levels seen in this place.
 G = Mean time per level.
                   A        B        C        D        E       F      G
               +--------+--------+--------+--------+--------+-----+--------+
         Total |    619 |    619 |      0 |    487 |      0 |   1 |  619.0 |
       Dungeon |    619 |    619 |      0 |    487 |      0 |   1 |  619.0 |
               +--------+--------+--------+--------+--------+-----+--------+

Top non-repeatable levels by time:
       D: 619 daAuts
